cohdb
Replays
Latest Replays
All Replays
Popular Replays
Top Player Replays
Match Explorer
How It Works
Community
CoH3 Stats
Reddit
Sign in to upload your games and track your stats! →
Sign in with Steam
Completely expected the second 8rad but it still almost rolled me kek
Match 9878154
Overview
Messages
Build Orders
End
Royal Engineer Section
Royal Engineer Section
Construct Section Command Post
Selects Indian Artillery Battlegroup
Infantry Section
Infantry Section
Construct Platoon Command Post
Humber Armored Car
Construct Field Infirmary
Selects Valour
Selects Gurkha Rifles Section
Gurkha Rifles Section
Construct Company Command Post
Selects Volunteer Infantry
Grenade Package
Selects Towed ML 4.2-inch Heavy Mortar
Crusader II Medium Tank
Foot Guards Section
Selects Off-map Airburst Barrage
Crusader II Medium Tank
oki
TwistedTootsy
0
0
Comments
sign in to comment!
No comments posted yet!